 Dungeon Crawl Stone Soup version 0.17.1-3-g152610e (webtiles) character file.

147 kaze the Skirmisher (level 5, 0/47 HPs)
             Began as a Hill Orc Fighter on Mar 4, 2016.
             Slain by SaintRoka's ghost (6 damage)
             ... on level 4 of the Dungeon.
             The game lasted 00:05:08 (2180 turns).

kaze the Skirmisher (Hill Orc Fighter)              Turns: 2180, Time: 00:05:09

Health: 0/47       AC: 13    Str: 20    XL:     5   Next: 29%
Magic:  5/5        EV:  4    Int:  8    God:
Gold:   68         SH:  7    Dex: 10    Spells: 0 memorised, 4 levels left

rFire  + . .     SeeInvis .     a - +0 war axe
rCold  x . .     Clarity  .     o - +0 chain mail
rNeg   + . .     SustAt   .     c - +0 shield
rPois  .         Gourm    .     j - +1 helmet
rElec  .         Spirit   .     (no cloak)
rCorr  .         Warding  .     t - +2 pair of gloves
rMut   .         Stasis   .     (no boots)
MR     .....                    (no amulet)
Stlth  ..........               k - ring of positive energy
                                n - ring of fire

@: very heavily drained, not resistant to hostile enchantments, extremely
unstealthy
A: no striking features
a: no special abilities


You were on level 4 of the Dungeon.
You were not hungry.

You visited 1 branch of the dungeon, and saw 3 of its levels.

You collected 68 gold pieces.

Inventory:

Hand Weapons
 a - a +0 war axe (weapon)
Armour
 c - a +0 shield (worn)
 j - a +1 helmet (worn)
 o - a +0 chain mail (worn)
 t - a +2 pair of gloves (worn)
Jewellery
 f - an uncursed ring of magical power
 g - an uncursed ring of magical power
 k - a ring of positive energy (right hand)
 n - a ring of fire (left hand)
Scrolls
 i - a scroll of identify {unknown}
 p - a scroll of amnesia {unknown}
 s - a scroll of remove curse
Potions
 b - a potion of flight {unknown}
 d - a potion of might
 h - a potion of magic {unknown}
 l - 3 potions of poison {unknown}
 q - a potion of haste {unknown}
Comestibles
 e - 2 bread rations
 m - a meat ration
 r - 2 chunks of flesh


   Skills:
 + Level 4.7(1.0) Fighting
 + Level 3.4(0.0) Axes
 + Level 4.1(0.5) Armour
 + Level 1.1(0.0) Dodging
 + Level 0.8(0.0) Stealth
 + Level 4.0(0.3) Shields


You had 4 spell levels left.
You didn't know any spells.

Dungeon Overview and Level Annotations

Branches:
Dungeon (4/15)
 Temple: D:4-7

Altars:
Ashenzari
Xom

Annotations:
D:4 SaintRoka's ghost, amateur CeAr


Message History

SaintRoka's ghost is almost destroyed.
SaintRoka's ghost hits you but does no damage.
You partially resist.
You feel drained.
SaintRoka's ghost sneers, "Do you call that fighting?"
SaintRoka's ghost hits you but does no damage.
You partially resist.
You feel drained.
You hit SaintRoka's ghost.
SaintRoka's ghost is almost destroyed.
SaintRoka's ghost hits you but does no damage.
You partially resist.
You feel drained.
You closely miss SaintRoka's ghost.
SaintRoka's ghost is almost destroyed.
SaintRoka's ghost hits you but does no damage.
You partially resist.
You feel drained.
SaintRoka's ghost hits you but does no damage.
You partially resist.
You feel drained.
Your chain mail prevents you from hitting SaintRoka's ghost.
SaintRoka's ghost is almost destroyed.
SaintRoka's ghost hits you.
You die...

############
#..........#
#.[........# .
#..........# ...
######...#####[....
##...@W.......
#.######..$.. #..##
... ##..# . ##.##
#..## ##..#####
##.....####
#..........


You could see SaintRoka's ghost.

Vanquished Creatures
  A giant frog skeleton (D:4)
  An iguana (D:4)
  A worker ant (D:4)
  An adder (D:2)
  An ooze (D:1)
  2 worms (D:2)
  7 giant cockroaches
  7 hobgoblins
  2 jackals (D:1)
  3 kobolds
  A ball python (D:2)
  3 bats
  3 giant newts
  10 goblins
  2 quokkas
  3 rats (D:2)
48 creatures vanquished.

Notes
Turn   | Place    | Note
--------------------------------------------------------------
     0 | D:1      | kaze the Hill Orc Fighter began the quest for the Orb.
     0 | D:1      | Reached XP level 1. HP: 19/19 MP: 1/1
    61 | D:1      | Reached XP level 2. HP: 27/27 MP: 2/2
   206 | D:1      | Reached XP level 3. HP: 33/33 MP: 3/3
   352 | D:1      | Reached skill level 4 in Fighting
   906 | D:2      | Found a shattered altar of Ashenzari.
  1306 | D:2      | Reached XP level 4. HP: 23/40 MP: 4/4
  1675 | D:2      | Found a shimmering altar of Xom.
  1844 | D:2      | You fall through a shaft for 2 floors!
  1856 | D:4      | Reached skill level 1 in Dodging
  2063 | D:4      | Reached XP level 5. HP: 38/47 MP: 5/5
  2082 | D:4      | Noticed SaintRoka's ghost (amateur CeAr)
  2180 | D:4      | Slain by SaintRoka's ghost

Action                   |  1- 3 |  4- 6 || total
-------------------------+-------+-------++-------
Melee: War axe           |   112 |    60 ||   172
  Use: Scroll            |     1 |       ||     1
  Eat: Chunk             |       |     3 ||     3
       Beef jerky        |       |     1 ||     1
